 Dungeon Crawl Stone Soup version 0.27.1-35-g4d5d836560 (webtiles) character file.

Game seed: 4347078816002945445

108 Delamore the Sneak (level 4, -9/29 HPs)
             Began as an Octopode Brigand on Apr 13, 2022.
             Killed by divine providence
             ... invoked by an orc priest
              (13 damage)
             ... on level 3 of the Dungeon.
             The game lasted 00:01:45 (1999 turns).

Delamore the Sneak (Octopode Brigand)               Turns: 1999, Time: 00:01:46

Health: -9/29      AC:  1    Str: 10    XL:     4   Next: 87%
Magic:  4/4        EV: 12    Int: 13    God:
Gold:   66         SH:  0    Dex: 14    Spells: 3/3 levels left

rFire    . . .     SeeInvis .   a - +2 dagger
rCold    . . .     Faith    .   (no shield)
rNeg     . . .     Spirit   .   (helmet restricted)
rPois    .         Reflect  .   (no amulet)
rElec    .         Harm     .   (no ring)
rCorr    .         Rampage  .   (no ring)
Will     .....                  (no ring)
Stlth    ++++......             (no ring)
HPRegen  0.09/turn              (no ring)
MPRegen  0.09/turn              (no ring)
                                (no ring)
                                (no ring)

@: no status effects
A: almost no armour, amphibious, 8 rings, camouflage 1, gelatinous body 1,
(nimble swimmer 1), tentacles
a: no special abilities


You were on level 3 of the Dungeon.
You visited 1 branch of the dungeon, and saw 3 of its levels.

You collected 66 gold pieces.

Inventory:

Hand Weapons
 a - a +2 dagger (weapon)
Missiles
 b - 21 poisoned darts
 c - 2 curare-tipped darts (quivered)
 j - a throwing net
 k - 2 datura-tipped darts
Scrolls
 d - a scroll of magic mapping {unknown}
 g - a scroll of fear {unknown}
 h - a scroll of immolation {unknown}
 i - a scroll of identify {unknown}
 m - a scroll of noise
 n - a scroll of vulnerability {unknown}
Potions
 e - a potion of degeneration {unknown}
 f - a potion of curing {unknown}
 l - a potion of mutation {unknown}


   Skills:
 - Level 2.0 Fighting
 * Level 4.2 Short Blades
 - Level 2.0 Throwing
 - Level 1.0 Dodging
 + Level 6.4 Stealth


You had 3 spell levels left.
You didn't know any spells.
Your spell library contained the following spells:

 Spells                   Type           Power      Damage    Failure   Level
 Stone Arrow              Conj/Erth      0%         3d7       67%         3
 Lehudib's Crystal Spear  Conj/Erth      0%         10d2      100%        8
 Animate Armour           Summ/Erth      Unusable   N/A       N/A         4

Dungeon Overview and Level Annotations

Branches:
Dungeon (3/15)

Altars:

Shops:
D:1 [


Innate Abilities, Weirdness & Mutations

You cannot wear most types of armour.
You are amphibious.
You can wear up to eight rings at the same time.
Your skin changes colour to match your surroundings (Stealth+).
Your rubbery body absorbs attacks. (AC +1, EV +1)
((You are camouflaged near water. (Stealth+)))
You have tentacles for arms and can constrict up to eight enemies at once.


Message History

Okay, then.
There is a stone staircase leading down here.
As you read the scroll labelled QANOCR USHUU, it crumbles to dust.
You hear a loud clanging noise!
It was a scroll of noise.
You climb downwards.
There is a stone staircase leading up here.
A kobold comes into view. It is wielding a +0 whip.
A kobold is nearby!
The helpless kobold fails to defend itself.
You spit the kobold like a pig!!!
You kill the kobold!
No target in view!
Things that are here:
a +0 whip; a kobold corpse
Found a stone staircase leading down.
There is a stone staircase leading down here.
You open the door.
Found a quarterstaff.
An orc wizard comes into view. It is wielding a +0 dagger.
Found 17 gold pieces.
There is an open door here.
An orc comes into view. It is wielding a +0 flail.
The orc shouts!
You hear a shout!
A rat comes into view.
An orc comes into view. It is wielding a +0 war axe.
An orc priest comes into view. It is wielding a +0 dagger.
An orc comes into view. It is wielding a +0 whip.
The orc barely misses you.
The orc priest calls down the wrath of Beogh upon you.
Beogh smites you!
The orc shouts!
The orc priest miscasts a cantrip.
There is an open door here.
The orc priest invokes the aid of Beogh against you.
Beogh smites you!
* * * LOW HITPOINT WARNING * * *
The orc priest calls down the wrath of Beogh upon you.
Beogh smites you!
You die...

#.# ####### #.# ........#
#.# ..).....# #.# ........#
#.# ........# #.# ........#
#.#
........#################.#
........'oo..r.o@........>#
........###################
........# ........#
........# .......o#
.......o. ......o..
#######...


You could see an orc priest, 2 orcs and a rat.

Vanquished Creatures
  Jessica (D:2)
  Natasha (D:2)
  An adder (D:3)
  A worm (D:2)
  A dart slug (D:1)
  7 endoplasms
  4 giant cockroaches (D:1)
  4 goblins
  2 hobgoblins
  2 kobolds
  2 quokkas
  5 ball pythons
  A ball python skeleton (D:3)
  2 bats (D:1)
  2 frilled lizards (D:1)
  A jackal zombie (D:3)
  A quokka skeleton (D:3)
  6 rats
44 creatures vanquished.

Vanquished Creatures (others)
  2 fungi (D:1)
2 creatures vanquished.

Grand Total: 46 creatures vanquished

Notes
Turn   | Place    | Note
-------+----------+-------------------------------------------
     0 | D:1      | Delamore the Octopode Brigand began the quest for the Orb.
     0 | D:1      | Reached XP level 1. HP: 14/14 MP: 1/1
   205 | D:1      | Reached XP level 2. HP: 19/19 MP: 2/2
   433 | D:1      | Found Tavukh's Armour Boutique.
   515 | D:1      | Reached XP level 3. HP: 20/24 MP: 3/3
   649 | D:1      | Found a faded altar of an unknown god.
   659 | D:1      | You fall into a shaft and drop 1 floor!
  1076 | D:2      | Noticed Natasha
  1090 | D:2      | HP: 1/24 [Natasha/magic dart (5)]
  1091 | D:2      | Killed Natasha
  1092 | D:2      | Reached skill level 6 in Stealth
  1092 | D:2      | Reached XP level 4. HP: 2/29 MP: 4/4
  1404 | D:2      | Noticed Jessica
  1411 | D:2      | Killed Jessica
  1999 | D:3      | Killed from afar by an orc priest

Illustrated notes

Levels and vault maps discovered:
D:1:      sevenhm_arrival_forest_fort_small_6, layout_loops_ring,
          shapermc_ecumenical_altar_mp_urbaneastern, serial_shops, shop,
          minmay_statues_item, minmay_misc_feat_iff, grunt_decor_one_mirror
D:2:      layout_loops_cross, uniq_jessica, uniq_natasha
D:3:      layout_basic, mainiacjoe_overflow_alcove_1, serial_undead,
          serial_undead_d, serial_undead_f, serial_undead_e, serial_undead_f

Skill      XL: |  1  2  3  4 |
---------------+-------------+-----
Short Blades   | 3 4 |  4.2
Stealth        | 6 |  6.4
Fighting       | |  2.0
Throwing       | |  2.0
Dodging        | |  1.0

Action                   |  1- 3 |  4- 6 || total
-------------------------+-------+-------++-------
Melee: Dagger            |    54 |    22 ||    76
       Constrict         |    11 |     5 ||    16
       Tentacles         |     7 |     2 ||     9
Throw: Dart              |     1 |       ||     1
  Use: Scroll            |       |     1 ||     1
 Stab: Sleeping          |    13 |     5 ||    18
Armor: Skin              |     1 |     2 ||     3
Dodge: Dodged            |    18 |    10 ||    28
